 Dungeon Crawl Stone Soup version 0.21.1-1-g345015f (webtiles) character file.

4469 teukkam the Charlatan (level 10, -6/79 HPs)
             Began as a Gnoll Wanderer on Feb 9, 2018.
             Mangled by a two-headed ogre
             ... wielding a +0 giant club
              (15 damage)
             ... on level 9 of the Dungeon.
             The game lasted 00:41:19 (9483 turns).

teukkam the Charlatan (Gnoll Wanderer)              Turns: 9483, Time: 00:41:20

Health: -6/79      AC:  9    Str: 16    XL:     10   Next: 37%
Magic:  18/18      EV: 13    Int: 15    God:
Gold:   1126       SH:  0    Dex: 12    Spells: 20/20 levels left

rFire    . . .     SeeInvis +   a - +4 spear (venom)
rCold    + . .     Gourm    .   (no shield)
rNeg     . . .     Faith    .   s - +0 ring mail {rC+}
rPois    .         Spirit   .   (no helmet)
rElec    .         Reflect  .   (no cloak)
rCorr    .         Harm     .   r - +1 pair of gloves
MR       .....                  x - +0 pair of boots
Stlth    +++.......             (no amulet)
HPRegen  0.23/turn              (no ring)
MPRegen  0.16/turn              (no ring)

@: about to teleport
A: distributed training, fangs 1, see invisible, clumsy 1, weak 1, strong nose
a: no special abilities


You were on level 9 of the Dungeon.
You were not hungry.

You visited 2 branches of the dungeon, and saw 10 of its levels.
You also visited: Bailey.

You collected 1126 gold pieces.

Inventory:

Hand Weapons
 a - a +4 spear of venom (weapon)
 b - a +0 shortbow of velocity
 y - a +1 whip of freezing
Missiles
 e - 5 throwing nets
 g - 7 javelins
 o - 7 tomahawks (quivered)
 E - 198 arrows
 F - 34 poisoned needles
 G - 4 needles of paralysis
Armour
 r - a +1 pair of gloves (worn)
 s - a +0 ring mail of cold resistance (worn)
 x - a +0 pair of boots (worn)
 H - +1 ice dragon scales
Jewellery
 h - a +2 ring of dexterity
Wands
 D - a wand of random effects (13)
Scrolls
 c - a scroll of teleportation
 l - a scroll of magic mapping
 n - 9 scrolls of identify
 q - 4 scrolls of amnesia
 A - a scroll of remove curse
Potions
 i - a potion of agility
 k - a potion of mutation
 t - a potion of flight
 v - 2 potions of cancellation
 w - 3 potions of haste {unknown}
 B - 2 potions of lignification
 C - a potion of resistance {unknown}
Books
 p - a book of Maledictions

   Spells                             Type                      Level
   a - Corona                         Hexes                        1
   b - Ensorcelled Hibernation        Hexes/Ice                    2
   c - Confuse                        Hexes                        3
   d - Tukima's Dance                 Hexes                        3
   e - Dazzling Spray                 Conjuration/Hexes            3
 u - a book of Conjurations

   Spells                             Type                      Level
   a - Magic Dart                     Conjuration                  1
   b - Searing Ray                    Conjuration                  2
   c - Dazzling Spray                 Conjuration/Hexes            3
   d - Fulminant Prism                Conjuration/Hexes            4
   e - Force Lance                    Conjuration/Translocation    4
   f - Iskenderun's Mystic Blast      Conjuration                  4
Miscellaneous
 d - a lightning rod (4/4)
 j - a fan of gales
Comestibles
 f - 8 rations
 z - a chunk of flesh


   Skills:
 + Level 7.0 Fighting
 + Level 5.1 Short Blades
 + Level 5.1 Long Blades
 + Level 5.1 Axes
 + Level 5.1 Maces & Flails
 + Level 5.1 Polearms
 + Level 5.1 Staves
 + Level 5.1 Slings
 + Level 5.1 Bows
 + Level 5.1 Crossbows
 + Level 5.1 Throwing
 + Level 5.1 Armour
 + Level 5.8 Dodging
 + Level 6.7 Stealth
 + Level 5.1 Shields
 + Level 5.1 Unarmed Combat
 + Level 5.9 Spellcasting
 + Level 4.2 Conjurations
 + Level 4.2 Hexes
 + Level 5.8 Charms
 + Level 4.2 Summonings
 + Level 4.2 Necromancy
 + Level 4.2 Translocations
 + Level 4.2 Transmutations
 + Level 4.2 Fire Magic
 + Level 4.2 Ice Magic
 + Level 4.2 Air Magic
 + Level 4.2 Earth Magic
 + Level 4.2 Poison Magic
 + Level 5.6 Invocations
 + Level 7.0 Evocations


You had 20 spell levels left.
You didn't know any spells.

Dungeon Overview and Level Annotations

Branches:
Dungeon (9/15)             Temple (1/1) D:7
   Lair: D:8-11         Orc: D:9-12

Altars:
Ashenzari
Dithmenos
Elyvilon
Fedhas
Hepliaklqana
Kikubaaqudgha
Makhleb
Okawaru
Qazlal
Ru
Sif Muna
Trog
Uskayaw
Vehumet
Xom
Yredelemnul
Zin
The Shining One
Lugonu

Annotations:
D:3 Dirian's ghost, amateur MiFi


Innate Abilities, Weirdness & Mutations

Your experience applies equally to all skills.
You have very sharp teeth.
Your uncanny sense of smell can sniff out nearby items.
You have supernaturally acute eyesight. (SInv)
You are clumsy. (Dex -2)
You are weak. (Str -2)


Message History

The two-headed ogre hits you with a giant spiked club!
* * * LOW HITPOINT WARNING * * *
The orc wizard hits you but does no damage.
Okay, then.
As you read the scroll of teleportation, it crumbles to dust.
You feel strangely unstable.
The orc wizard gestures at you while chanting.
You easily resist.
The two-headed ogre barely misses you. The two-headed ogre misses you.
You hit the two-headed ogre.
The two-headed ogre is poisoned.
The two-headed ogre is lightly wounded.
The orc wizard points at you and mumbles some strange words.
The magic dart hits you!
* * * LOW HITPOINT WARNING * * *
You hit the two-headed ogre.
The two-headed ogre looks as sick as possible!
The two-headed ogre is lightly wounded.
The two-headed ogre closely misses you.
The two-headed ogre hits you with a giant spiked club!
You die...

,,**,,o...#...#*,,,,,,,,,,,*
*****,....#...#*,,,,§8§§§§§*
*,,***#.......#*,,,,###§§§§*
*,,,,*#.......#*,,,,#_#§§§§*
,,,,,,##..#...#*,,,,#.#§§§§*
,,,,,,*#..#...#*,,,,#.#§§§§*
,,,,,,*##*##..##,,,,#.#§§§§*
,,,,,,,,* #...######.##****
,,,**,**** #..oo@O.....#
,***,,,,∆**#..#####....#
,,,,,,,,,,,#..# ######
,,,,,,,,,,....#
********,....!# *#######


You could see a two-headed ogre and 2 orc wizards.

Vanquished Creatures
  Pikel (D:4)
  A wyvern (D:8)
  A steam dragon (D:8)
  A water moccasin (D:9)
  5 orc warriors
  2 phantoms
  A slave (D:4)
  A sky beast (D:5)
  A black bear (D:6)
  3 centaurs
  A necrophage (D:7)
  2 crocodiles (D:8)
  3 bullfrogs
  6 gnoll sergeants (Bailey)
  A wyvern skeleton (D:8)
  2 scorpions
  A wight (D:9)
  A centaur zombie (D:8)
  2 crimson imps
  2 bullfrog zombies
  5 orc priests
  A jelly (D:6)
  4 hounds
  4 gnoll shamans (Bailey)
  2 centaur skeletons
  9 orc wizards
  4 worker ants
  A killer bee zombie (D:9)
  A hound skeleton (D:5)
  A hound zombie (D:7)
  19 gnolls
  10 adders
  A shadow imp (D:5)
  An ooze (D:4)
  An adder zombie (D:5)
  2 worms
  4 dart slugs
  3 leopard geckos
  28 orcs
  6 giant cockroaches
  2 hobgoblins
  2 jackals (D:6)
  8 kobolds
  4 quokkas
  3 bats
  4 frilled lizards
  A giant cockroach zombie (D:6)
  8 goblins
  A quokka skeleton (D:5)
  2 rats (D:3)
  A plant (D:7)
181 creatures vanquished.

Vanquished Creatures (collateral kills)
  A gnoll sergeant (Bailey)
  2 hounds (Bailey)
  2 gnoll shamans (Bailey)
  2 gnolls (Bailey)
7 creatures vanquished.

Vanquished Creatures (others)
  A gnoll sergeant (Bailey)
  A gnoll (Bailey)
  A quokka (D:6)
3 creatures vanquished.

Grand Total: 191 creatures vanquished

Notes
Turn   | Place    | Note
-------+----------+-------------------------------------------
     0 | D:1      | teukkam the Gnoll Wanderer began the quest for the Orb.
     0 | D:1      | teukkam set off with: a fan of gales, a +0 spear, a scroll of teleportation, a +0 robe, a +0 dagger, a ration
     0 | D:1      | Reached XP level 1. HP: 20/20 MP: 4/4
   327 | D:1      | Reached XP level 2. HP: 21/26 MP: 5/5
   876 | D:1      | Reached XP level 3. HP: 24/31 MP: 7/7
  1155 | D:2      | Found a shimmering altar of Xom.
  1185 | D:2      | Found a radiant altar of Vehumet.
  1189 | D:2      | Found a shattered altar of Ashenzari.
  1379 | D:2      | Reached skill level 1 in Invocations
  1546 | D:2      | Found an iron altar of Okawaru.
  1652 | D:3      | Reached skill level 1 in Short Blades
  1652 | D:3      | Reached skill level 1 in Long Blades
  1652 | D:3      | Reached skill level 1 in Axes
  1652 | D:3      | Reached skill level 1 in Maces & Flails
  1652 | D:3      | Reached skill level 1 in Polearms
  1652 | D:3      | Reached skill level 1 in Staves
  1652 | D:3      | Reached skill level 1 in Slings
  1652 | D:3      | Reached skill level 1 in Bows
  1652 | D:3      | Reached skill level 1 in Crossbows
  1652 | D:3      | Reached skill level 1 in Throwing
  1652 | D:3      | Reached skill level 1 in Armour
  1652 | D:3      | Reached skill level 1 in Shields
  1652 | D:3      | Reached skill level 1 in Unarmed Combat
  1713 | D:3      | Reached XP level 4. HP: 38/38 MP: 8/8
  2061 | D:3      | Noticed Dirian's ghost (amateur MiFi)
  2068 | D:3      | Reached skill level 1 in Conjurations
  2068 | D:3      | Reached skill level 1 in Hexes
  2068 | D:3      | Reached skill level 1 in Summonings
  2068 | D:3      | Reached skill level 1 in Necromancy
  2068 | D:3      | Reached skill level 1 in Translocations
  2068 | D:3      | Reached skill level 1 in Transmutations
  2068 | D:3      | Reached skill level 1 in Fire Magic
  2068 | D:3      | Reached skill level 1 in Ice Magic
  2068 | D:3      | Reached skill level 1 in Air Magic
  2068 | D:3      | Reached skill level 1 in Earth Magic
  2068 | D:3      | Reached skill level 1 in Poison Magic
  2115 | D:4      | Noticed a slave
  2115 | D:4      | Noticed a slave
  2212 | D:5      | Entered Level 5 of the Dungeon
  2282 | D:5      | Reached XP level 5. HP: 34/43 MP: 9/9
  2414 | D:5      | Noticed a sky beast
  2555 | D:5      | Noticed a phantom
  2753 | D:4      | Reached XP level 6. HP: 32/50 MP: 10/10
  3149 | D:4      | Noticed a slave
  3180 | D:4      | Killed a slave
  3549 | D:4      | Noticed Pikel
  3571 | D:4      | Killed Pikel
  3571 | D:4      | Reached skill level 5 in Fighting
  3571 | D:4      | Reached skill level 5 in Stealth
  3571 | D:4      | Reached skill level 5 in Evocations
  3571 | D:4      | Reached XP level 7. HP: 56/56 MP: 12/12
  4037 | D:6      | Reached XP level 8. HP: 49/63 MP: 14/14
  4180 | D:7      | Found a glowing silver altar of Zin.
  4259 | D:7      | Found a flagged portal.
  4278 | Bailey   | Entered a bailey
  4888 | Bailey   | HP: 3/64 [gnoll sergeant/halberd (11)]
  4890 | Bailey   | Reached XP level 9. HP: 3/69 MP: 16/16
  5053 | Bailey   | Reached skill level 5 in Charms
  5569 | Bailey   | Reached skill level 5 in Spellcasting
  6063 | D:7      | Found a staircase to the Ecumenical Temple.
  6092 | D:7      | Reached skill level 5 in Dodging
  6120 | Temple   | Entered the Ecumenical Temple
  6727 | D:6      | Found a white marble altar of Elyvilon.
  7133 | D:5      | Reached skill level 5 in Invocations
  8149 | D:8      | Reached XP level 10. HP: 77/77 MP: 18/18
  8487 | D:8      | Reached skill level 5 in Short Blades
  8487 | D:8      | Reached skill level 5 in Long Blades
  8487 | D:8      | Reached skill level 5 in Axes
  8487 | D:8      | Reached skill level 5 in Maces & Flails
  8487 | D:8      | Reached skill level 5 in Polearms
  8487 | D:8      | Reached skill level 5 in Staves
  8487 | D:8      | Reached skill level 5 in Slings
  8487 | D:8      | Reached skill level 5 in Bows
  8487 | D:8      | Reached skill level 5 in Crossbows
  8487 | D:8      | Reached skill level 5 in Throwing
  8487 | D:8      | Reached skill level 5 in Armour
  8487 | D:8      | Reached skill level 5 in Shields
  8487 | D:8      | Reached skill level 5 in Unarmed Combat
  9042 | D:9      | Found a glowing golden altar of the Shining One.
  9044 | D:9      | Found a bloodstained altar of Trog.
  9468 | D:9      | Found a stormy altar of Qazlal.
  9468 | D:9      | Noticed a two-headed ogre
  9479 | D:9      | Gained mutation: You are weak. (Str -2) [potion of mutation]
  9479 | D:9      | Gained mutation: You are clumsy. (Dex -2) [potion of mutation]
  9479 | D:9      | Gained mutation: You have supernaturally acute eyesight. (SInv) [potion of mutation]
  9483 | D:9      | Mangled by a two-headed ogre

Skill      XL: |  1  2  3  4  5  6  7  8  9 10 |
---------------+-------------------------------+-----
Invocations    | 1 2 3 4 5 |  5.6
Short Blades   | 1 2 3 4 5 |  5.1
Long Blades    | 1 2 3 4 5 |  5.1
Axes           | 1 2 3 4 5 |  5.1
Maces & Flails | 1 2 3 4 5 |  5.1
Polearms       | 1 2 3 4 5 |  5.1
Staves         | 1 2 3 4 5 |  5.1
Slings         | 1 2 3 4 5 |  5.1
Bows           | 1 2 3 4 5 |  5.1
Crossbows      | 1 2 3 4 5 |  5.1
Throwing       | 1 2 3 4 5 |  5.1
Armour         | 1 2 3 4 5 |  5.1
Shields        | 1 2 3 4 5 |  5.1
Unarmed Combat | 1 2 3 4 5 |  5.1
Spellcasting   | 3 4 5 |  5.9
Conjurations   | 1 2 3 4 |  4.2
Hexes          | 1 2 3 4 |  4.2
Summonings     | 1 2 3 4 |  4.2
Necromancy     | 1 2 3 4 |  4.2
Translocations | 1 2 3 4 |  4.2
Transmutations | 1 2 3 4 |  4.2
Fire Magic     | 1 2 3 4 |  4.2
Ice Magic      | 1 2 3 4 |  4.2
Air Magic      | 1 2 3 4 |  4.2
Earth Magic    | 1 2 3 4 |  4.2
Poison Magic   | 1 2 3 4 |  4.2
Dodging        | 3 4 5 |  5.8
Charms         | 4 5 |  5.8
Fighting       | 5 6 7 |  7.0
Stealth        | 5 6 |  6.7
Evocations     | 5 6 7 |  7.0

Action                   |  1- 3 |  4- 6 |  7- 9 | 10-12 || total
-------------------------+-------+-------+-------+-------++-------
Melee: Spear             |    85 |   110 |   372 |   152 ||   719
       Bite              |     7 |    16 |    57 |    18 ||    98
       Punch             |       |       |     7 |     1 ||     8
 Fire: Shortbow          |       |       |    31 |     1 ||    32
Throw: Tomahawk          |     4 |     5 |    10 |       ||    19
       Throwing net      |       |       |     1 |       ||     1
Evoke: Fan of gales      |       |     1 |     1 |       ||     2
       Wand              |       |       |     6 |     6 ||    12
       Lightning rod     |       |       |     1 |       ||     1
  Use: Scroll            |       |     9 |     6 |     2 ||    17
       Potion            |       |     7 |     5 |     4 ||    16
 Stab: Sleeping          |    11 |     1 |     8 |     1 ||    21
       Distracted        |       |     1 |     2 |       ||     3
  Eat: Chunk             |     2 |     1 |     5 |       ||     8
       Ration            |       |     2 |     3 |     1 ||     6
Armor: Robe              |     5 |       |       |       ||     5
       Ring mail         |     5 |    28 |   103 |    45 ||   181
       Ice dragon scales |       |       |     5 |       ||     5
Dodge: Dodged            |    37 |    53 |   253 |   116 ||   459
